 Dungeon Crawl Stone Soup version 0.28.0 (webtiles) character file.

Game seed: 7208977096828452324

366 DungeonDestroyer the Shield-Bearer (level 6, 0/53 HPs)
             Began as a Gnoll Fighter on Feb 18, 2022.
             Slain by an orc wizard (4 damage)
             ... on level 4 of the Dungeon.
             The game lasted 00:06:18 (4082 turns).

DungeonDestroyer the Shield-Bearer (Gnoll Fighter)  Turns: 4082, Time: 00:06:19

Health: 0/53       AC: 14    Str: 15    XL:     6   Next: 68%
Magic:  9/9        EV:  2    Int: 11    God:
Gold:   138        SH:  0    Dex: 13    Spells: 9/9 levels left

rFire   . . .      SeeInvis .   a - +0 war axe
rCold   . . .      Faith    .   b - +0 tower shield
rNeg    . . .      Spirit   .   h - +0 plate armour
rPois   .          Reflect  +   (no helmet)
rElec   .          Harm     .   k - +0 cloak
rCorr   .          Rampage  .   (no gloves)
Will    .....                   (no boots)
Stlth   ..........              m - amulet "Jocluoph" {Reflect Int+3 SH+5}
HPRegen 0.17/turn               (no ring)
MPRegen 0.11/turn               (no ring)

@: confused, lethally poisoned (0 -> -25)
A: fangs 1, strong nose, distributed training
a: no special abilities


You were on level 4 of the Dungeon.
You visited 1 branch of the dungeon, and saw 4 of its levels.

You collected 138 gold pieces.

Inventory:

Hand Weapons
 a - a +0 war axe (weapon)
Missiles
 f - 13 bolts
 g - 103 arrows
 i - 126 stones (quivered)
Armour
 b - a +0 tower shield (worn)
 h - a +0 plate armour (worn)
 k - a +0 cloak (worn)
Jewellery
 m - the amulet "Jocluoph" (around neck) {Reflect Int+3 SH+5}
   (You acquired it on level 3 of the Dungeon)

   [amulet of reflection]

   It reflects blocked missile attacks.
   Int:       It affects your intelligence (+3).
   SH:        It affects your SH (+5).
Scrolls
 l - 2 scrolls of identify
 n - a scroll of immolation
 o - a scroll of magic mapping {unknown}
Potions
 c - 2 potions of mutation
 d - 2 potions of might
 e - a potion of cancellation
 j - a potion of haste
 p - a potion of brilliance
 q - a potion of attraction {unknown}


   Skills:
 + Level 6.9 Fighting
 + Level 2.1 Short Blades
 + Level 2.1 Long Blades
 + Level 5.0 Axes
 + Level 2.1 Maces & Flails
 + Level 2.1 Polearms
 + Level 2.1 Staves
 + Level 2.1 Slings
 + Level 2.1 Bows
 + Level 2.1 Crossbows
 + Level 2.1 Throwing
 + Level 6.9 Armour
 + Level 2.1 Dodging
 + Level 2.1 Stealth
 + Level 6.9 Shields
 + Level 2.1 Unarmed Combat
 + Level 2.1 Spellcasting
 + Level 1.6 Conjurations
 + Level 1.6 Hexes
 + Level 1.6 Summonings
 + Level 1.6 Necromancy
 + Level 1.6 Translocations
 + Level 1.6 Transmutations
 + Level 1.6 Fire Magic
 + Level 1.6 Ice Magic
 + Level 1.6 Air Magic
 + Level 1.6 Earth Magic
 + Level 1.6 Poison Magic
 + Level 2.3 Invocations
 + Level 2.1 Evocations


You had 9 spell levels left.
You didn't know any spells.
Your spell library contained the following spells:

 Spells                   Type           Power      Damage    Failure   Level
 Apportation              Tloc           8%         N/A       100%        1
 Alistair's Intoxication  Tmut/Pois      2%         N/A       100%        5


Dungeon Overview and Level Annotations

Branches:
Dungeon (4/15)
 Temple: D:4-7

Altars:
Fedhas
Qazlal


Innate Abilities, Weirdness & Mutations

You have very sharp teeth.
Your uncanny sense of smell can sniff out nearby items.
Your experience applies equally to all skills.


Message History

You are more poisoned.
You hit something but do no damage. Your bite misses something.
You feel extremely sick. You block something's attack.
You hear some strange, mumbled words.
You are confused.
You are too injured to fight recklessly!
You are too injured to fight recklessly!
You are too injured to fight recklessly!
You are too injured to fight recklessly!
You are too injured to fight recklessly!
You are too injured to fight recklessly!
You are too injured to fight recklessly!
You are too injured to fight recklessly!
You are too injured to fight recklessly!
You are too injured to fight recklessly!
You are too injured to fight recklessly!
You are too injured to fight recklessly!
You are too injured to fight recklessly!
You are too injured to fight recklessly!
You are too injured to fight recklessly!
Unknown command.
You bump into the rock wall.
You feel very sick. Something hits you but does no damage.
You are lethally poisoned!
You feel very sick.
You bump into the rock wall.
* * * LOW HITPOINT WARNING * * *
You feel very sick. Something hits you but does no damage.
You are more poisoned.
You completely miss something.
* * * LOW HITPOINT WARNING * * *
You feel extremely sick. Something hits you.
* * * LOW HITPOINT WARNING * * *
You are more poisoned.
Something hits you.
You die...

...####.######## #.
...............#### #.
...###..######....#####
#..# ####...... #..##
####.## #.?.# #.# ∆
#.#.# #.# #.#... #.#
#@###.# #.## #)# .#
##.#. #o# # ##..#. ..#
#...#. #.## ### #.#...
.. .. #.#).# #.. #.#
#.#..# #.. #.. #.#..#
#.. #.##....#


You could see an orc.

Vanquished Creatures
  An ogre (D:4)
  An orc priest (D:4)
  Crazy Yiuf (D:2)
  Terence (D:2)
  Natasha (thrice) (D:2)
  3 adders (D:2)
  An adder skeleton (D:4)
  2 worms
  2 dart slugs
  3 orcs
  12 endoplasms
  2 giant cockroaches (D:1)
  10 goblins
  7 hobgoblins
  4 quokkas
  4 ball pythons
  3 bats
  5 frilled lizards
  A kobold (D:1)
  6 rats
72 creatures vanquished.

Vanquished Creatures (others)
  An orc wizard (D:4)
  A fungus (D:1)
  2 plants (D:1)
4 creatures vanquished.

Grand Total: 76 creatures vanquished

Notes
Turn   | Place    | Note
-------+----------+-------------------------------------------
     0 | D:1      | DungeonDestroyer the Gnoll Fighter began the quest for the
                  | Orb.
     0 | D:1      | Reached XP level 1. HP: 23/23 MP: 1/1
    84 | D:1      | Reached XP level 2. HP: 27/29 MP: 2/2
   500 | D:1      | Found a faded altar of an unknown god.
   511 | D:1      | Reached XP level 3. HP: 31/35 MP: 3/3
  1071 | D:2      | Found a blossoming altar of Fedhas.
  1093 | D:2      | Found a runed translucent door.
  1094 | D:2      | Noticed Crazy Yiuf
  1166 | D:2      | Reached skill level 1 in Invocations
  1342 | D:2      | Noticed Natasha
  1352 | D:2      | Killed Natasha
  1353 | D:2      | Reached skill level 1 in Short Blades
  1353 | D:2      | Reached skill level 1 in Long Blades
  1353 | D:2      | Reached skill level 1 in Maces & Flails
  1353 | D:2      | Reached skill level 1 in Polearms
  1353 | D:2      | Reached skill level 1 in Staves
  1353 | D:2      | Reached skill level 1 in Slings
  1353 | D:2      | Reached skill level 1 in Bows
  1353 | D:2      | Reached skill level 1 in Crossbows
  1353 | D:2      | Reached skill level 1 in Throwing
  1353 | D:2      | Reached skill level 1 in Dodging
  1353 | D:2      | Reached skill level 1 in Stealth
  1353 | D:2      | Reached skill level 1 in Unarmed Combat
  1353 | D:2      | Reached skill level 1 in Spellcasting
  1353 | D:2      | Reached skill level 1 in Evocations
  1353 | D:2      | Reached XP level 4. HP: 16/41 MP: 5/5
  1559 | D:2      | Noticed Terence
  1576 | D:2      | Killed Terence
  1577 | D:2      | Reached skill level 1 in Conjurations
  1577 | D:2      | Reached skill level 1 in Hexes
  1577 | D:2      | Reached skill level 1 in Summonings
  1577 | D:2      | Reached skill level 1 in Necromancy
  1577 | D:2      | Reached skill level 1 in Translocations
  1577 | D:2      | Reached skill level 1 in Transmutations
  1577 | D:2      | Reached skill level 1 in Fire Magic
  1577 | D:2      | Reached skill level 1 in Ice Magic
  1577 | D:2      | Reached skill level 1 in Air Magic
  1577 | D:2      | Reached skill level 1 in Earth Magic
  1577 | D:2      | Reached skill level 1 in Poison Magic
  2052 | D:2      | Reached XP level 5. HP: 47/47 MP: 6/6
  2141 | D:2      | Noticed Natasha
  2148 | D:2      | Killed Natasha
  2403 | D:2      | Noticed Natasha
  2412 | D:2      | Killed Natasha
  2549 | D:2      | Killed Crazy Yiuf
  3024 | D:3      | Found a stormy altar of Qazlal.
  3370 | D:3      | Reached XP level 6. HP: 50/53 MP: 8/8
  3504 | D:3      | Identified a scroll of acquirement
  3504 | D:3      | Acquired the amulet "Jocluoph" {Reflect Int+3 SH+5}
  3908 | D:4      | Reached skill level 5 in Axes
  4082 | D:4      | Slain by an orc wizard

Illustrated notes

Levels and vault maps discovered:
D:1:      amcnicky_arrival_double_pillar, layout_loops_ring,
          shapermc_ecumenical_altar_acropolis
D:2:      minmay_recursive_quarters, layout_loops_ring, basic_altar,
          chequers_serial_rivers_large_b, uniq_natasha, uniq_crazy_yiuf_cottage,
          uniq_terence
D:3:      layout_basic, lemuel_round_altar, grunt_ministairs_2
D:4:      layout_rooms, okawaru_ov_weapons_minmay

Skill      XL: |  1  2  3  4  5  6 |
---------------+-------------------+-----
Invocations    | 1 2 |  2.3
Short Blades   | 1 2 |  2.1
Long Blades    | 1 2 |  2.1
Maces & Flails | 1 2 |  2.1
Polearms       | 1 2 |  2.1
Staves         | 1 2 |  2.1
Slings         | 1 2 |  2.1
Bows           | 1 2 |  2.1
Crossbows      | 1 2 |  2.1
Throwing       | 1 2 |  2.1
Dodging        | 1 2 |  2.1
Stealth        | 1 2 |  2.1
Unarmed Combat | 1 2 |  2.1
Spellcasting   | 1 2 |  2.1
Evocations     | 1 2 |  2.1
Conjurations   | 1 |  1.6
Hexes          | 1 |  1.6
Summonings     | 1 |  1.6
Necromancy     | 1 |  1.6
Translocations | 1 |  1.6
Transmutations | 1 |  1.6
Fire Magic     | 1 |  1.6
Ice Magic      | 1 |  1.6
Air Magic      | 1 |  1.6
Earth Magic    | 1 |  1.6
Poison Magic   | 1 |  1.6
Axes           | 5 |  5.0
Fighting       | |  6.9
Armour         | |  6.9
Shields        | |  6.9

Action                   |  1- 3 |  4- 6 || total
-------------------------+-------+-------++-------
Melee: War axe           |    76 |   143 ||   219
       Bite              |     8 |    20 ||    28
  Use: Potion            |     3 |     3 ||     6
       Scroll            |     3 |     3 ||     6
 Stab: Invisible         |       |     2 ||     2
Armor: Scale mail        |     3 |       ||     3
       Plate armour      |    50 |    71 ||   121
Dodge: Dodged            |    12 |     6 ||    18
Block: Buckler           |    24 |       ||    24
       Tower shield      |    14 |   107 ||   121
       Reflection        |       |     3 ||     3
